 Dungeon Crawl Stone Soup version 0.24.0-13-gcf9b3192b9 (webtiles) character file.

Game seed: 10870107631455954849, levelgen mode: deterministic

30 Monsterracer the Poker (level 3, -6/25 HPs)
             Began as an Octopode Warper on Nov 6, 2019.
             Was an Initiate of Kikubaaqudgha.
             Killed from afar by Sigmund (14 damage)
             ... with a puff of flame
             ... on level 2 of the Dungeon.
             The game lasted 00:00:59 (1446 turns).

Monsterracer the Poker (Octopode Warper)            Turns: 1446, Time: 00:00:59

Health: -6/25      AC:  1    Str: 10    XL:     3   Next: 20%
Magic:  6/6        EV: 13    Int: 15    God:    Kikubaaqudgha [......]
Gold:   11         SH:  0    Dex: 12    Spells: 6/6 levels left

rFire    . . .     SeeInvis .   a - +0 spear
rCold    . . .     Gourm    .   (no shield)
rNeg     . . .     Faith    .   (helmet restricted)
rPois    .         Spirit   .   (no amulet)
rElec    .         Reflect  .   e - ring of wizardry
rCorr    .         Harm     .   (no ring)
MR       .....                  (no ring)
Stlth    ++........             (no ring)
HPRegen  0.08/turn              (no ring)
MPRegen  0.10/turn              (no ring)
                                (no ring)
                                (no ring)

@: no status effects
A: almost no armour, stealthy swim, amphibious, 8 rings, constrict 8, camouflage
1, gelatinous body 1
a: Renounce Religion


You were on level 2 of the Dungeon.
You worshipped Kikubaaqudgha.
Kikubaaqudgha was noncommittal.
You were hungry.

You visited 1 branch of the dungeon, and saw 2 of its levels.

You collected 11 gold pieces.

Inventory:

Hand Weapons
 a - a +0 spear (weapon)
Jewellery
 e - a ring of wizardry (left tentacle)
   (You found it on level 2 of the Dungeon)
Scrolls
 d - a scroll of teleportation {unknown}
 l - a scroll of enchant armour
 p - a scroll of enchant weapon
 X - a scroll of blinking
Potions
 b - a potion of ambrosia {!q}
 f - a potion of brilliance {unknown}
Comestibles
 c - 2 rations


   Skills:
 + Level 2.5 Fighting
 * Level 3.1 Polearms
 - Level 1.0 Throwing
 - Level 2.3 Dodging
 - Level 2.0 Spellcasting
   Level 3.0 Translocations


You had 6 spell levels left.
You didn't know any spells.
Your spell library contained the following spells:

 Spells                   Type           Power        Failure   Level  Hunger
 Blink                    Tloc           N/A          4%          2    ###....
 Shroud of Golubria       Chrm/Tloc      #.....       8%          2    ###....
 Gell's Gravitas          Tloc           ##........   8%          3    ###....
 Lesser Beckoning         Tloc           ##........   8%          3    ###....
 Teleport Other           Tloc           ##......     8%          3    ###....
 Passage of Golubria      Tloc           N/A          26%         4    #####..


Dungeon Overview and Level Annotations

Branches:
Dungeon (2/15)

Altars:
Kikubaaqudgha

Annotations:
D:2 Sigmund


Innate Abilities, Weirdness & Mutations

You cannot wear most types of armour.
You are very stealthy in the water. (Stealth+)
You are amphibious.
You can wear up to eight rings at the same time.
You can use your tentacles to constrict eight enemies at once.
Your skin changes colour to match your surroundings (Stealth+).
Your rubbery body absorbs attacks. (AC +1, EV +1)


Message History

Key pressed, stopping explore.
No target in view!
You see here a giant cockroach corpse.
You see here a runed whip.
You are feeling hungry.
Key pressed, stopping explore.
A frilled lizard comes into view.
A frilled lizard is nearby!
A frilled lizard is nearby!
A frilled lizard is nearby!
A frilled lizard is nearby!
Attack whom?
Press: ? - help, Dir - move target cursor, f - frilled lizard
Aim: a frilled lizard You reach to attack!
You closely miss the frilled lizard.
A frilled lizard is nearby!
You closely miss the frilled lizard. Your grab misses the frilled lizard.
Your squeeze misses the frilled lizard. The frilled lizard bites you.
A frilled lizard is nearby!
You hit the frilled lizard.
You kill the frilled lizard!
You are feeling very hungry.
No target in view!
You butcher the frilled lizard corpse.
d - a chunk of flesh You see here a frilled lizard skeleton. x2
Eating a chunk of flesh.
You eat the chunk of flesh.
This raw flesh tastes terrible.
Done exploring.
No target in view!
Done exploring.
No target in view!
Done exploring.
Done exploring.
(D) Dungeon
Where to? (? - help)
You see here a frilled lizard skeleton.
There is a stone staircase leading down here.
You climb downwards.
A frilled lizard comes into view.
Found a metallic brown potion and a scroll labeled HEM QULUICW.
There is a stone staircase leading up here.
A frilled lizard is nearby!
The helpless frilled lizard fails to defend itself.
You hit the frilled lizard.
You kill the frilled lizard!
A ball python comes into view.
Found a cabochon ring.
Found an ancient bone altar of Kikubaaqudgha.
A ball python is nearby!
A rat comes into view.
You see here a scroll labeled HEM QULUICW.
The ball python hisses angrily.
There are monsters nearby!
You hit the ball python. Your grab misses the ball python.
The ball python is heavily wounded.
The ball python bites you. The ball python barely misses you.
There are monsters nearby!
You barely miss the ball python. You grab the ball python.
The ball python is heavily wounded.
You constrict the ball python, but do no damage.
The ball python barely misses you. x2; The ball python bites you.
The ball python barely misses you.
You hit the ball python.
The ball python is severely wounded.
You constrict the ball python.
You kill the ball python!
A rat is nearby!
A rat is nearby!
A rat is nearby!
You completely miss the rat. Your grab misses the rat. You squeeze the rat.
You kill the rat!
No target in view!
d - a scroll labeled HEM QULUICW
There is an ancient bone altar of Kikubaaqudgha here.
You curl up in front of the altar of Kikubaaqudgha.
Kikubaaqudgha welcomes you!
Unknown command.
Press < or > to pray at altars.
HP restored.
e - a cabochon ring
e - a ring of wizardry (left tentacle)
f - a metallic brown potion You are feeling hungry.
Sigmund the Dreaded comes into view.
He is wielding a +0 scythe.
Sigmund shouts!
Sigmund is nearby!
You don't know any spells.
Sigmund gestures wildly while chanting.
Sigmund flickers and vanishes!
Deactivating autopickup; reactivate with Ctrl-A.
Something hits you!
A magic dart appears from out of thin air!
The magic dart hits you.
* * * LOW HITPOINT WARNING * * *
A puff of flame appears from out of thin air!
The puff of flame hits you!
Ouch! That really hurt!
You die...
Kikubaaqudgha rasps: "You have failed me!
Welcome... death!"

#.# #{#### #....#
########.# #.....##.#
#.###.##.# #.###.##.#
#######.#......#
####...........@######
....#########..#
#..#.......#..#
.###.P##.._..##..#
................##
...............P#
##.#.#.P.###...##
.........P#P...#
##.###........P#


There were no monsters in sight!

Vanquished Creatures
  A gnoll (D:1)
  A ball python (D:2)
  3 giant cockroaches (D:1)
  2 goblins (D:1)
  2 hobgoblins (D:1)
  3 kobolds (D:1)
  4 bats (D:1)
  2 frilled lizards (D:1 D:2)
  2 rats (D:1 D:2)
20 creatures vanquished.

Notes
Turn   | Place    | Note
-------+----------+-------------------------------------------
     0 | D:1      | Monsterracer the Octopode Warper began the quest for the
                  | Orb.
     0 | D:1      | Reached XP level 1. HP: 14/14 MP: 3/3
   268 | D:1      | Reached XP level 2. HP: 19/19 MP: 5/5
   762 | D:1      | Reached XP level 3. HP: 25/25 MP: 6/6
  1372 | D:2      | Found an ancient bone altar of Kikubaaqudgha.
  1392 | D:2      | Became a worshipper of Kikubaaqudgha
  1434 | D:2      | Noticed Sigmund
  1442 | D:2      | HP: 8/25 [something/magic dart (6)]
  1446 | D:2      | Killed from afar by Sigmund

Levels and vault maps discovered:
D:1:      ebering_hopf_link, layout_basic
D:2:      layout_basic, nemelex_xobeh_ov_fountains_minmay,
          kiku_gazebo_garden_becter, lemuel_altar_in_water, uniq_sigmund,
          uniq_terence, uniq_natasha

Skill      XL: |  1  2 |
---------------+-------+-----
Polearms       | 3 |  3.1
Fighting       | |  2.5
Throwing       | |  1.0
Dodging        | |  2.3
Spellcasting   | |  2.0
Translocations | |  3.0

Action                   || total
-------------------------++-------
Melee: Spear             ||    50
       Constrict         ||    10
       Tentacles         ||     6
  Use: Scroll            ||     5
 Stab: Sleeping          ||     8
  Eat: Chunk             ||     1
Armor: Skin              ||     3
Dodge: Dodged            ||    23
